TOP OF THE 1ST |
Redwood City Redwoods batting - Pitching for Calgary Cowboys : RHP Ron Chapman
|
Pitching: RHP Ron Chapman
|
|
Batting: RHB Robert Downing
|
0-0: Foul Ball, location: 2F 0-1: Called Strike 0-2: Ball 1-2: SOLO HOME RUN (Flyball, 7D), Distance : 381 ft
|
Batting: LHB Keith Green
|
0-0: Called Strike 0-1: Ball 1-1: Ball 2-1: Foul Ball, location: 2F 2-2: Foul Ball, location: 2F 2-2: Ball 3-2: Base on Balls
|
Batting: LHB Marcos Pérez
|
0-0: Foul Ball, location: 2F 0-1: Ball 1-1: Ball 2-1: 2-RUN HOME RUN (Flyball, 8RXD), Distance : 435 ft
|
Batting: LHB Bill McCraney
|
0-0: Called Strike 0-1: Ball 1-1: Fly out, F4 (Popup, 3D)
|
Batting: LHB Vicente Chávez
|
0-0: Ball 1-0: Ball 2-0: Called Strike 2-1: Ball 3-1: Base on Balls
|
Batting: RHB Richie Miller
|
0-0: Ground out U3 (Groundball, 34) Vicente Chávez to second
|
Batting: LHB Pedro Rodríguez
|
0-0: Ball 1-0: Ball 2-0: Ground out U3 (Groundball, 3S)
|
Top of the 1st over - 3 run(s), 2 hit(s), 0 error(s), 1 left on base; Redwood City 3 - Calgary 0 |
BOTTOM OF THE 1ST |
Calgary Cowboys batting - Pitching for Redwood City Redwoods : RHP Nathan Seymour
|
Pitching: RHP Nathan Seymour
|
|
Batting: RHB César Rodríguez
|
0-0: Fly out, F7 (Flyball, 7S)
|
Batting: LHB Del Kennedy
|
0-0: Called Strike 0-1: Ball 1-1: Called Strike 1-2: Ball 2-2: SINGLE (Flyball, 4MD)
|
Batting: RHB Tom Rowe
|
0-0: Called Strike 0-1: Swinging Strike 0-2: Strikes out swinging Del Kennedy is caught stealing 2nd base Batter strikes out.
|
Bottom of the 1st over - 0 run(s), 1 hit(s), 0 error(s), 0 left on base; Redwood City 3 - Calgary 0 |
TOP OF THE 2ND |
Redwood City Redwoods batting - Pitching for Calgary Cowboys : RHP Ron Chapman
|
Batting: RHB Héctor Vázquez
|
0-0: Foul Ball, location: 2F 0-1: Called Strike 0-2: Ball 1-2: Ground out 5-3 (Groundball, 56)
|
Batting: RHB David Strickland
|
0-0: Ball 1-0: Called Strike 1-1: Ball 2-1: Swinging Strike 2-2: SINGLE (Line Drive, 56D)
|
Batting: RHB Robert Downing
|
0-0: SINGLE (Groundball, 6MD) David Strickland to second Runner from 2nd tries for 3rd, SAFE, no throw
|
Batting: LHB Keith Green
|
0-0: Ball 1-0: Called Strike Robert Downing steals 2nd base 1-1: Ball 2-1: Called Strike 2-2: Foul Ball, location: 2F 2-2: Foul Ball, location: 2F 2-2: Foul Ball, location: 2F 2-2: Ball 3-2: Foul Ball, location: 2F 3-2: Ground out 4-3 (Groundball, 4) David Strickland scores Robert Downing to third
|
Batting: LHB Marcos Pérez
|
0-0: Called Strike 0-1: Swinging Strike 0-2: Ground out 4-3 (Groundball, 4S)
|
Top of the 2nd over - 1 run(s), 2 hit(s), 0 error(s), 1 left on base; Redwood City 4 - Calgary 0 |
BOTTOM OF THE 2ND |
Calgary Cowboys batting - Pitching for Redwood City Redwoods : RHP Nathan Seymour
|
Batting: RHB Dan Wyatt
|
0-0: Ball 1-0: SINGLE (Groundball, 6MD)
|
Batting: LHB Miguel Pérez
|
0-0: Fielders Choice at 2nd, 4-6 (Groundball, 34)
|
Batting: RHB Jorge Balencia
|
0-0: Ball 1-0: Foul Ball, location: 2F 1-1: Grounds into double play, 5-4-3 (Groundball, 56D)
|
Bottom of the 2nd over - 0 run(s), 1 hit(s), 0 error(s), 0 left on base; Redwood City 4 - Calgary 0 |
TOP OF THE 3RD |
Redwood City Redwoods batting - Pitching for Calgary Cowboys : RHP Ron Chapman
|
Batting: LHB Bill McCraney
|
0-0: Called Strike 0-1: Foul Ball, location: 2F 0-2: Foul Ball, location: 2F 0-2: Foul Ball, location: 2F 0-2: Ball 1-2: Fly out, F4 (Line Drive, 4)
|
Batting: LHB Vicente Chávez
|
0-0: Ball 1-0: Called Strike 1-1: Fly out, F8 (Flyball, 8LD)
|
Batting: RHB Richie Miller
|
0-0: Ball 1-0: SINGLE (Groundball, 34S) (infield hit)
|
Batting: LHB Pedro Rodríguez
|
0-0: Ball 1-0: Ball 2-0: Called Strike 2-1: Fly out, F7 (Flyball, 78M)
|
Top of the 3rd over - 0 run(s), 1 hit(s), 0 error(s), 1 left on base; Redwood City 4 - Calgary 0 |
BOTTOM OF THE 3RD |
Calgary Cowboys batting - Pitching for Redwood City Redwoods : RHP Nathan Seymour
|
Batting: RHB Travis Colbert
|
0-0: Ball 1-0: Fly out, F9 (Flyball, 9)
|
Batting: RHB Shayne Burry
|
0-0: Called Strike 0-1: Swinging Strike 0-2: Ball 1-2: Strikes out looking
|
Batting: RHB Mario Sánchez
|
0-0: Ball 1-0: Called Strike 1-1: Foul Ball, location: 2F 1-2: Strikes out swinging
|
Bottom of the 3rd over - 0 run(s), 0 hit(s), 0 error(s), 0 left on base; Redwood City 4 - Calgary 0 |
TOP OF THE 4TH |
Redwood City Redwoods batting - Pitching for Calgary Cowboys : RHP Ron Chapman
|
Batting: RHB Héctor Vázquez
|
0-0: Ball 1-0: SINGLE (Groundball, 6D)
|
Batting: RHB David Strickland
|
0-0: Foul Ball, location: 2F 0-1: Ball 1-1: DOUBLE (Line Drive, 3D) Héctor Vázquez to third
|
Batting: RHB Robert Downing
|
0-0: Called Strike 0-1: Foul Ball, location: 2F 0-2: Ball 1-2: Ball 2-2: Fly out, F3 (Line Drive, 4)
|
Batting: LHB Keith Green
|
0-0: SINGLE (Line Drive, 9S) Héctor Vázquez scores David Strickland to third Runner from 3rd tries for Home, SAFE, throw made home Keith Green to second
|
Pitching: RHP William Bryant
|
|
Batting: LHB Marcos Pérez
|
0-0: Ground out U3 (Groundball, 3) Keith Green to third
|
Batting: LHB Bill McCraney
|
0-0: Called Strike 0-1: Foul Ball, location: 2F 0-2: Strikes out swinging
|
Top of the 4th over - 2 run(s), 3 hit(s), 0 error(s), 1 left on base; Redwood City 6 - Calgary 0 |
BOTTOM OF THE 4TH |
Calgary Cowboys batting - Pitching for Redwood City Redwoods : RHP Nathan Seymour
|
Batting: RHB César Rodríguez
|
0-0: Ball 1-0: Ball 2-0: Called Strike 2-1: SINGLE (Line Drive, 7S)
|
Batting: LHB Del Kennedy
|
0-0: Ball César Rodríguez steals 2nd base 1-0: Foul Ball, location: 2F 1-1: Ground out 4-3 (Groundball, 4D) César Rodríguez to third
|
Batting: RHB Tom Rowe
|
0-0: Ball 1-0: Ground out 4-3 (Groundball, 4MS) César Rodríguez scores
|
Batting: RHB Dan Wyatt
|
0-0: Ball 1-0: Foul Ball, location: 2F 1-1: Ball 2-1: Ball 3-1: Foul Ball, location: 2F 3-2: Base on Balls
|
Batting: LHB Miguel Pérez
|
0-0: Ball 1-0: Called Strike 1-1: Ball 2-1: Swinging Strike 2-2: Strikes out swinging
|
Bottom of the 4th over - 1 run(s), 1 hit(s), 0 error(s), 1 left on base; Redwood City 6 - Calgary 1 |
TOP OF THE 5TH |
Redwood City Redwoods batting - Pitching for Calgary Cowboys : RHP William Bryant
|
Batting: LHB Vicente Chávez
|
0-0: Ball 1-0: Foul Ball, location: 2F 1-1: Ball 2-1: Foul Ball, location: 2F 2-2: Strikes out looking
|
Batting: RHB Richie Miller
|
0-0: Called Strike 0-1: Ball 1-1: Swinging Strike 1-2: Strikes out looking
|
Batting: LHB Pedro Rodríguez
|
0-0: SINGLE (Groundball, 2L) (infield hit)
|
Batting: RHB Héctor Vázquez
|
0-0: Ground out U3 (Groundball, 3)
|
Top of the 5th over - 0 run(s), 1 hit(s), 0 error(s), 1 left on base; Redwood City 6 - Calgary 1 |
BOTTOM OF THE 5TH |
Calgary Cowboys batting - Pitching for Redwood City Redwoods : RHP Nathan Seymour
|
Batting: RHB Jorge Balencia
|
0-0: Hit by Pitch
|
Batting: RHB Travis Colbert
|
0-0: Fielders Choice at 2nd, 4-6 (Groundball, 4)
|
Batting: RHB Shayne Burry
|
0-0: Ball Throwing error on steal attempt, E2 Travis Colbert to third 1-0: Foul Ball, location: 2F 1-1: Ground out 5-3 (Groundball, 56S) Travis Colbert scores
|
Batting: RHB Mario Sánchez
|
0-0: Foul Ball, location: 2F 0-1: Swinging Strike 0-2: Ball 1-2: Ball 2-2: SINGLE (Line Drive, 78M)
|
Batting: RHB César Rodríguez
|
0-0: Swinging Strike 0-1: Ball 1-1: Ball Passed Ball! Mario Sánchez to second 2-1: SINGLE (Groundball, 34D) Mario Sánchez to third Runner from 3rd tries for Home, SAFE, no throw
|
Batting: LHB Del Kennedy
|
0-0: Ball 1-0: Foul Ball, location: 2F 1-1: 2-RUN HOME RUN (Flyball, 8RXD), Distance : 429 ft
|
Batting: RHB Tom Rowe
|
0-0: Ball 1-0: Fly out, F7 (Flyball, 7)
|
Bottom of the 5th over - 4 run(s), 3 hit(s), 1 error(s), 0 left on base; Redwood City 6 - Calgary 5 |
TOP OF THE 6TH |
Redwood City Redwoods batting - Pitching for Calgary Cowboys : RHP William Bryant
|
Batting: RHB David Strickland
|
0-0: Called Strike 0-1: Fly out, F8 (Flyball, 8RS)
|
Batting: RHB Robert Downing
|
0-0: Called Strike 0-1: Ground out 6-3 (Groundball, 6MS)
|
Batting: LHB Keith Green
|
0-0: Ball 1-0: Foul Ball, location: 2F 1-1: Called Strike 1-2: Foul Ball, location: 2F 1-2: Ground out U3 (Groundball, 34S)
|
Top of the 6th over - 0 run(s), 0 hit(s), 0 error(s), 0 left on base; Redwood City 6 - Calgary 5 |
BOTTOM OF THE 6TH |
Calgary Cowboys batting - Pitching for Redwood City Redwoods : RHP Nathan Seymour
|
Pitching: RHP José Córdova
|
|
Batting: RHB Dan Wyatt
|
0-0: Called Strike 0-1: Swinging Strike 0-2: Ground out 4-3 (Groundball, 4)
|
Batting: LHB Miguel Pérez
|
0-0: Called Strike 0-1: Ball 1-1: Ground out 1-3 (Groundball, 13S)
|
Batting: RHB Jorge Balencia
|
0-0: Ball 1-0: Ball 2-0: Fly out, F6 (Popup, 4MD)
|
Bottom of the 6th over - 0 run(s), 0 hit(s), 0 error(s), 0 left on base; Redwood City 6 - Calgary 5 |
TOP OF THE 7TH |
Redwood City Redwoods batting - Pitching for Calgary Cowboys : RHP William Bryant
|
Pitching: LHP Takayuki Ine
|
|
Batting: LHB Marcos Pérez
|
0-0: Ball 1-0: Called Strike 1-1: Ball 2-1: Ball 3-1: Foul Ball, location: 2F 3-2: Base on Balls
|
Batting: LHB Bill McCraney
|
0-0: Fly out, F8 (Line Drive, 89D)
|
Pitching: RHP Lorenzo Montáńez
|
|
Batting: LHB Vicente Chávez
|
0-0: Ball 1-0: Ball 2-0: Swinging Strike 2-1: DOUBLE (Flyball, 78M) Marcos Pérez to third
|
Batting: RHB Richie Miller
|
0-0: Foul Ball, location: 2F 0-1: Foul Ball, location: 2F 0-2: Ground out 1-3 (Groundball, 13S)
|
Pinch Hitting: LHB Richard Olvera
|
0-0: Ball 1-0: Ball 2-0: Ball 3-0: Called Strike 3-1: Called Strike 3-2: Foul Ball, location: 2F 3-2: Base on Balls
|
Pinch Hitting: LHB Marcos Vázquez
|
0-0: Ball 1-0: Ball 2-0: Swinging Strike 2-1: Swinging Strike 2-2: GRAND SLAM HOME RUN (Flyball, 9D), Distance : 374 ft
|
Pitching: RHP Esteban Alfonzo
|
|
Batting: RHB David Strickland
|
0-0: Ball 1-0: Ground out 1-3 (Groundball, 15)
|
Top of the 7th over - 4 run(s), 2 hit(s), 0 error(s), 0 left on base; Redwood City 10 - Calgary 5 |
BOTTOM OF THE 7TH |
Calgary Cowboys batting - Pitching for Redwood City Redwoods : RHP José Córdova
|
Now at 3B: Luis Ramírez
|
|
Now in RF: Marcos Vázquez
|
|
Batting: RHB Travis Colbert
|
0-0: Fly out, F9 (Flyball, 9LSF)
|
Batting: RHB Shayne Burry
|
0-0: Called Strike 0-1: Ball 1-1: Called Strike 1-2: Strikes out looking
|
Batting: RHB Mario Sánchez
|
0-0: Ball 1-0: Fly out, F8 (Flyball, 8LM)
|
Bottom of the 7th over - 0 run(s), 0 hit(s), 0 error(s), 0 left on base; Redwood City 10 - Calgary 5 |
TOP OF THE 8TH |
Redwood City Redwoods batting - Pitching for Calgary Cowboys : RHP Esteban Alfonzo
|
Batting: RHB Robert Downing
|
0-0: Called Strike 0-1: Ball 1-1: Swinging Strike 1-2: Ball 2-2: Foul Ball, location: 2F 2-2: Ball 3-2: Fly out, F9 (Line Drive, 9LM)
|
Batting: LHB Keith Green
|
0-0: Ball 1-0: Ball 2-0: Foul Ball, location: 2F 2-1: Foul Ball, location: 2F 2-2: Ball 3-2: Foul Ball, location: 2F 3-2: Foul Ball, location: 2F 3-2: Base on Balls
|
Batting: LHB Marcos Pérez
|
0-0: Called Strike 0-1: Swinging Strike 0-2: Strikes out looking
|
Batting: LHB Bill McCraney
|
0-0: Ball 1-0: Called Strike 1-1: Called Strike 1-2: Fielders Choice at 2nd, 4-6 (Groundball, 4)
|
Top of the 8th over - 0 run(s), 0 hit(s), 0 error(s), 0 left on base; Redwood City 10 - Calgary 5 |
BOTTOM OF THE 8TH |
Calgary Cowboys batting - Pitching for Redwood City Redwoods : RHP José Córdova
|
Batting: RHB César Rodríguez
|
0-0: Called Strike 0-1: Foul Ball, location: 2F 0-2: Strikes out looking
|
Batting: LHB Del Kennedy
|
0-0: Called Strike 0-1: Ball 1-1: Ball 2-1: Ball 3-1: Foul Ball, location: 2F 3-2: Base on Balls
|
Batting: RHB Tom Rowe
|
0-0: Ball 1-0: Grounds into double play, 3-6-3 (Groundball, 3)
|
Bottom of the 8th over - 0 run(s), 0 hit(s), 0 error(s), 0 left on base; Redwood City 10 - Calgary 5 |
TOP OF THE 9TH |
Redwood City Redwoods batting - Pitching for Calgary Cowboys : RHP Esteban Alfonzo
|
Batting: LHB Vicente Chávez
|
0-0: Ball 1-0: Swinging Strike 1-1: Foul Ball, location: 2F 1-2: Strikes out swinging
|
Batting: RHB Richie Miller
|
0-0: Fly out, F8 (Line Drive, 8LXD)
|
Batting: RHB Luis Ramírez
|
0-0: Swinging Strike 0-1: SINGLE (Groundball, 34D)
|
Batting: LHB Marcos Vázquez
|
0-0: Ball 1-0: Ball 2-0: Swinging Strike 2-1: Fly out, F5 (Line Drive, 56S)
|
Top of the 9th over - 0 run(s), 1 hit(s), 0 error(s), 1 left on base; Redwood City 10 - Calgary 5 |
BOTTOM OF THE 9TH |
Calgary Cowboys batting - Pitching for Redwood City Redwoods : RHP José Córdova
|
Now at 1B: Carlos Gonzáles
|
|
Batting: RHB Dan Wyatt
|
0-0: Called Strike 0-1: Ball 1-1: Ball 2-1: Foul Ball, location: 2F 2-2: Ball 3-2: Base on Balls
|
Batting: LHB Miguel Pérez
|
0-0: Ball 1-0: Called Strike 1-1: Swinging Strike 1-2: Fielders Choice at 2nd, 4-6 (Groundball, 34)
|
Batting: RHB Jorge Balencia
|
0-0: Foul Ball, location: 2F 0-1: Ball 1-1: Ball 2-1: Fly out, F8 (Flyball, 8RD)
|
Batting: RHB Travis Colbert
|
0-0: Ball 1-0: Fly out, F8 (Flyball, 8RS)
|
Bottom of the 9th over - 0 run(s), 0 hit(s), 0 error(s), 1 left on base; Redwood City 10 - Calgary 5 |
|